Workbook
Name ChartofAccounts: 'Chart of Accounts'!$B$5:$B$103
Name ChartofAccountsTable: 'Chart of Accounts'!$B$5:$C$103

Sheet Chart of Accounts
B2: CHART OF ACCOUNTS
B4: Account # | C4: Account Name | E4: This spreadsheet is part of Accounting System for Merchandise/Service Company
B5: 1000 | C5: ASSETS
B6: 1100 | C6: Current Assets
B7: 1110 | C7: CASH - Petty Cash | E7: PURCHASE PRO VERSION
B8: 1120 | C8: CASH - Operating Account | E8: ◉ FULLY EDITABLE
B9: 1130 | C9: Central Bank | E9: ◉ AVAILABLE IN EXCEL
E10: AND GOOGLE SHEETS
B11: 1200 | C11: RECEIVABLES | E11: ◉ 30 DAYS MONEY BACK
B12: 1250 | C12: Account Receivables | E12: GUARANTEE
E13: ◉ ONE TIME PAYMENT
B14: 1300 | C14: INVENTORIES | E14: ◉ INSTANT DOWNLOAD
B15: 1310 | C15: Product Inventory | E15: * Lite version of complete spreadsheet is available in journalSHEET.com site
B16: 1360 | C16: Office Inventory
B18: 1400 | C18: PREPAID EXPENSES and OTHER CURRENT ASSETS
B19: 1410 | C19: PREPAID - Insurance
B20: 1420 | C20: PREPAID - Rent
B22: 1500 | C22: FIXED ASSETS
B23: 1510 | C23: PPE - Computer Equipment
B24: 1520 | C24: PPE - Machinery and Equipment
B25: 1530 | C25: PPE - Furniture and Fixtures
B26: 1540 | C26: PPE - Vehicles
B27: 1550 | C27: PPE - Leasehold Improvements
B28: 1560 | C28: PPE - Buildings and Lands
B30: 1600 | C30: ACCUMULATED DEPRECIATION and AMORTIZATION
... B103: 8200 | C103: EXP - Bank Charges

Sheet Cash Flow - Indirect
C4: CASH FLOW STATEMENT - INDIRECT METHOD
C5: For the Year Ended MM/DD/YYYY
B7: Checklist
A8: 0 | C8: CoA | D8: Account Name
A9: =IF(D9<>"",A8+1,A8) -> 1 | B9: v | D9: CASH FLOWS FROM OPERATING ACTIVITIES
A10: =IF(D10<>"",A9+1,A9) -> 2 | B10: t | D10: Net Income | F10: 2162.75
A11: =IF(D11<>"",A10+1,A10) -> 3 | B11: t | D11: Adjustment to Net Income
A12: =IF(D12<>"",A11+1,A11) -> 4 | C12: 1620 | D12: =IF(C12<>"",VLOOKUP(C12,ChartofAccountsTable,2,FALSE),"") -> ACCUM DEPR - Machinery and Equipment | E12: 6.25
A13: =IF(D13<>"",A12+1,A12) -> 5 | C13: 1640 | D13: =IF(C13<>"",VLOOKUP(C13,ChartofAccountsTable,2,FALSE),"") -> ACCUM DEPR - Vehicles | E13: 50
A14: =IF(D14<>"",A13+1,A13) -> 5 | D14: =IF(C14<>"",VLOOKUP(C14,ChartofAccountsTable,2,FALSE),"")
A15: =IF(D15<>"",A14+1,A14) -> 5 | D15: =IF(C15<>"",VLOOKUP(C15,ChartofAccountsTable,2,FALSE),"")
A16: =IF(D16<>"",A15+1,A15) -> 5 | D16: =IF(C16<>"",VLOOKUP(C16,ChartofAccountsTable,2,FALSE),"")
A17: =IF(D17<>"",A16+1,A16) -> 5 | D17: =IF(C17<>"",VLOOKUP(C17,ChartofAccountsTable,2,FALSE),"")
A18: =IF(D18<>"",A17+1,A17) -> 5 | D18: =IF(C18<>"",VLOOKUP(C18,ChartofAccountsTable,2,FALSE),"")
A19: =IF(D19<>"",A18+1,A18) -> 5 | D19: =IF(C19<>"",VLOOKUP(C19,ChartofAccountsTable,2,FALSE),"")
A20: =IF(D20<>"",A19+1,A19) -> 5 | D20: =IF(C20<>"",VLOOKUP(C20,ChartofAccountsTable,2,FALSE),"")
A21: =IF(D21<>"",A20+1,A20) -> 5 | D21: =IF(C21<>"",VLOOKUP(C21,ChartofAccountsTable,2,FALSE),"")
A22: =IF(D22<>"",A21+1,A21) -> 5 | D22: =IF(C22<>"",VLOOKUP(C22,ChartofAccountsTable,2,FALSE),"")
A23: =IF(D23<>"",A22+1,A22) -> 5 | D23: =IF(C23<>"",VLOOKUP(C23,ChartofAccountsTable,2,FALSE),"")
A24: =IF(D24<>"",A23+1,A23) -> 5 | D24: =IF(C24<>"",VLOOKUP(C24,ChartofAccountsTable,2,FALSE),"")
A25: =IF(D25<>"",A24+1,A24) -> 5 | D25: =IF(C25<>"",VLOOKUP(C25,ChartofAccountsTable,2,FALSE),"")
A26: =IF(D26<>"",A25+1,A25) -> 5 | D26: =IF(C26<>"",VLOOKUP(C26,ChartofAccountsTable,2,FALSE),"")
A27: =IF(D27<>"",A26+1,A26) -> 6 | B27: t | D27: Total Adjustment to Net Income | F27: =SUM(E12:E26) -> 56.25
A28: =IF(D28<>"",A27+1,A27) -> 7 | B28: t | D28: Increase (Decrease)
A29: =IF(D29<>"",A28+1,A28) -> 8 | C29: 1250 | D29: =IF(C29<>"",VLOOKUP(C29,ChartofAccountsTable,2,FALSE),"") -> Account Receivables | E29: -3422.35
A30: =IF(D30<>"",A29+1,A29) -> 9 | C30: 1310 | D30: =IF(C30<>"",VLOOKUP(C30,ChartofAccountsTable,2,FALSE),"") -> Product Inventory | E30: 615.9
A31: =IF(D31<>"",A30+1,A30) -> 10 | C31: 1360 | D31: =IF(C31<>"",VLOOKUP(C31,ChartofAccountsTable,2,FALSE),"") -> Office Inventory | E31: 9
A32: =IF(D32<>"",A31+1,A31) -> 11 | C32: 1410 | D32: =IF(C32<>"",VLOOKUP(C32,ChartofAccountsTable,2,FALSE),"") -> PREPAID - Insurance | E32: 25
A33: =IF(D33<>"",A32+1,A32) -> 12 | C33: 1420 | D33: =IF(C33<>"",VLOOKUP(C33,ChartofAccountsTable,2,FALSE),"") -> PREPAID - Rent | E33: 50
A34: =IF(D34<>"",A33+1,A33) -> 12 | D34: =IF(C34<>"",VLOOKUP(C34,ChartofAccountsTable,2,FALSE),"")
A35: =IF(D35<>"",A34+1,A34) -> 12 | D35: =IF(C35<>"",VLOOKUP(C35,ChartofAccountsTable,2,FALSE),"")
A36: =IF(D36<>"",A35+1,A35) -> 12 | D36: =IF(C36<>"",VLOOKUP(C36,ChartofAccountsTable,2,FALSE),"")
A37: =IF(D37<>"",A36+1,A36) -> 12 | D37: =IF(C37<>"",VLOOKUP(C37,ChartofAccountsTable,2,FALSE),"")
A38: =IF(D38<>"",A37+1,A37) -> 12 | D38: =IF(C38<>"",VLOOKUP(C38,ChartofAccountsTable,2,FALSE),"")
A39: =IF(D39<>"",A38+1,A38) -> 12 | D39: =IF(C39<>"",VLOOKUP(C39,ChartofAccountsTable,2,FALSE),"")
A40: =IF(D40<>"",A39+1,A39) -> 12 | D40: =IF(C40<>"",VLOOKUP(C40,ChartofAccountsTable,2,FALSE),"")
A41: =IF(D41<>"",A40+1,A40) -> 12 | D41: =IF(C41<>"",VLOOKUP(C41,ChartofAccountsTable,2,FALSE),"")
A42: =IF(D42<>"",A41+1,A41) -> 12 | D42: =IF(C42<>"",VLOOKUP(C42,ChartofAccountsTable,2,FALSE),"")
A43: =IF(D43<>"",A42+1,A42) -> 12 | D43: =IF(C43<>"",VLOOKUP(C43,ChartofAccountsTable,2,FALSE),"")
A44: =IF(D44<>"",A43+1,A43) -> 13 | B44: t | D44: Total Increase (Decrease) | F44: =SUM(E29:E43) -> -2722.45
A45: =IF(D45<>"",A44+1,A44) -> 14 | B45: r | D45: NET CASH PROVIDED (USED) BY OPERATING ACTIVITIES | F45: =F10+F27+F44 -> -503.45
A46: =IF(D46<>"",A45+1,A45) -> 15 | B46: v | D46: CASH FLOWS FROM INVESTING ACTIVITIES
A47: =IF(D47<>"",A46+1,A46) -> 16 | B47: t | D47: Sale of Assets
A48: =IF(D48<>"",A47+1,A47) -> 16 | D48: =IF(C48<>"",VLOOKUP(C48,ChartofAccountsTable,2,FALSE),"")
A49: =IF(D49<>"",A48+1,A48) -> 16 | D49: =IF(C49<>"",VLOOKUP(C49,ChartofAccountsTable,2,FALSE),"")
A50: =IF(D50<>"",A49+1,A49) -> 16 | D50: =IF(C50<>"",VLOOKUP(C50,ChartofAccountsTable,2,FALSE),"")
A51: =IF(D51<>"",A50+1,A50) -> 16 | D51: =IF(C51<>"",VLOOKUP(C51,ChartofAccountsTable,2,FALSE),"")
A52: =IF(D52<>"",A51+1,A51) -> 16 | D52: =IF(C52<>"",VLOOKUP(C52,ChartofAccountsTable,2,FALSE),"")
A53: =IF(D53<>"",A52+1,A52) -> 16 | D53: =IF(C53<>"",VLOOKUP(C53,ChartofAccountsTable,2,FALSE),"")
A54: =IF(D54<>"",A53+1,A53) -> 16 | D54: =IF(C54<>"",VLOOKUP(C54,ChartofAccountsTable,2,FALSE),"")
A55: =IF(D55<>"",A54+1,A54) -> 16 | D55: =IF(C55<>"",VLOOKUP(C55,ChartofAccountsTable,2,FALSE),"")
A56: =IF(D56<>"",A55+1,A55) -> 16 | D56: =IF(C56<>"",VLOOKUP(C56,ChartofAccountsTable,2,FALSE),"")
A57: =IF(D57<>"",A56+1,A56) -> 16 | D57: =IF(C57<>"",VLOOKUP(C57,ChartofAccountsTable,2,FALSE),"")
A58: =IF(D58<>"",A57+1,A57) -> 16 | D58: =IF(C58<>"",VLOOKUP(C58,ChartofAccountsTable,2,FALSE),"") | G58: v
A59: =IF(D59<>"",A58+1,A58) -> 16 | D59: =IF(C59<>"",VLOOKUP(C59,ChartofAccountsTable,2,FALSE),"")
A60: =IF(D60<>"",A59+1,A59) -> 16 | D60: =IF(C60<>"",VLOOKUP(C60,ChartofAccountsTable,2,FALSE),"")
A61: =IF(D61<>"",A60+1,A60) -> 16 | D61: =IF(C61<>"",VLOOKUP(C61,ChartofAccountsTable,2,FALSE),"")
A62: =IF(D62<>"",A61+1,A61) -> 16 | D62: =IF(C62<>"",VLOOKUP(C62,ChartofAccountsTable,2,FALSE),"")
A63: =IF(D63<>"",A62+1,A62) -> 17 | B63: t | D63: Total Sale of Assets | F63: =SUM(E48:E62) -> 0
A64: =IF(D64<>"",A63+1,A63) -> 18 | B64: t | D64: Purchase of Assets
A65: =IF(D65<>"",A64+1,A64) -> 19 | C65: 1510 | D65: =IF(C65<>"",VLOOKUP(C65,ChartofAccountsTable,2,FALSE),"") -> PPE - Computer Equipment | E65: -400
A66: =IF(D66<>"",A65+1,A65) -> 20 | C66: 1540 | D66: =IF(C66<>"",VLOOKUP(C66,ChartofAccountsTable,2,FALSE),"") -> PPE - Vehicles | E66: 0
A67: =IF(D67<>"",A66+1,A66) -> 20 | D67: =IF(C67<>"",VLOOKUP(C67,ChartofAccountsTable,2,FALSE),"")
A68: =IF(D68<>"",A67+1,A67) -> 20 | D68: =IF(C68<>"",VLOOKUP(C68,ChartofAccountsTable,2,FALSE),"")
A69: =IF(D69<>"",A68+1,A68) -> 20 | D69: =IF(C69<>"",VLOOKUP(C69,ChartofAccountsTable,2,FALSE),"")
A70: =IF(D70<>"",A69+1,A69) -> 20 | D70: =IF(C70<>"",VLOOKUP(C70,ChartofAccountsTable,2,FALSE),"")
A71: =IF(D71<>"",A70+1,A70) -> 20 | D71: =IF(C71<>"",VLOOKUP(C71,ChartofAccountsTable,2,FALSE),"")
A72: =IF(D72<>"",A71+1,A71) -> 20 | D72: =IF(C72<>"",VLOOKUP(C72,ChartofAccountsTable,2,FALSE),"")
A73: =IF(D73<>"",A72+1,A72) -> 20 | D73: =IF(C73<>"",VLOOKUP(C73,ChartofAccountsTable,2,FALSE),"")
A74: =IF(D74<>"",A73+1,A73) -> 20 | D74: =IF(C74<>"",VLOOKUP(C74,ChartofAccountsTable,2,FALSE),"")
A75: =IF(D75<>"",A74+1,A74) -> 20 | D75: =IF(C75<>"",VLOOKUP(C75,ChartofAccountsTable,2,FALSE),"") | G75: v
A76: =IF(D76<>"",A75+1,A75) -> 20 | D76: =IF(C76<>"",VLOOKUP(C76,ChartofAccountsTable,2,FALSE),"")
A77: =IF(D77<>"",A76+1,A76) -> 20 | D77: =IF(C77<>"",VLOOKUP(C77,ChartofAccountsTable,2,FALSE),"")
A78: =IF(D78<>"",A77+1,A77) -> 20 | D78: =IF(C78<>"",VLOOKUP(C78,ChartofAccountsTable,2,FALSE),"")
A79: =IF(D79<>"",A78+1,A78) -> 20 | D79: =IF(C79<>"",VLOOKUP(C79,ChartofAccountsTable,2,FALSE),"")
A80: =IF(D80<>"",A79+1,A79) -> 21 | B80: t | D80: Total Purchase of Assets | F80: =SUM(E65:E79) -> -400
A81: =IF(D81<>"",A80+1,A80) -> 22 | B81: r | D81: NET CASH PROVIDED (USED) BY INVESTING ACTIVITIES | F81: =F63+F80 -> -400
A82: =IF(D82<>"",A81+1,A81) -> 23 | B82: v | D82: CASH FLOWS FROM FINANCING ACTIVITIES
A83: =IF(D83<>"",A82+1,A82) -> 24 | B83: t | D83: Cash Receipts
A84: =IF(D84<>"",A83+1,A83) -> 25 | C84: 2140 | D84: =IF(C84<>"",VLOOKUP(C84,ChartofAccountsTable,2,FALSE),"") -> VAT - Output | E84: 613.1
A85: =IF(D85<>"",A84+1,A84) -> 26 | C85: 2710 | D85: =IF(C85<>"",VLOOKUP(C85,ChartofAccountsTable,2,FALSE),"") -> Central Bank Long Term Debts | E85: 0
A86: =IF(D86<>"",A85+1,A85) -> 27 | C86: 3100 | D86: =IF(C86<>"",VLOOKUP(C86,ChartofAccountsTable,2,FALSE),"") -> Owner's Capital | E86: 2500
A87: =IF(D87<>"",A86+1,A86) -> 27 | D87: =IF(C87<>"",VLOOKUP(C87,ChartofAccountsTable,2,FALSE),"")
A88: =IF(D88<>"",A87+1,A87) -> 27 | D88: =IF(C88<>"",VLOOKUP(C88,ChartofAccountsTable,2,FALSE),"")
A89: =IF(D89<>"",A88+1,A88) -> 27 | D89: =IF(C89<>"",VLOOKUP(C89,ChartofAccountsTable,2,FALSE),"")
A90: =IF(D90<>"",A89+1,A89) -> 27 | D90: =IF(C90<>"",VLOOKUP(C90,ChartofAccountsTable,2,FALSE),"")
A91: =IF(D91<>"",A90+1,A90) -> 27 | D91: =IF(C91<>"",VLOOKUP(C91,ChartofAccountsTable,2,FALSE),"")
A92: =IF(D92<>"",A91+1,A91) -> 27 | D92: =IF(C92<>"",VLOOKUP(C92,ChartofAccountsTable,2,FALSE),"")
A93: =IF(D93<>"",A92+1,A92) -> 27 | D93: =IF(C93<>"",VLOOKUP(C93,ChartofAccountsTable,2,FALSE),"")
A94: =IF(D94<>"",A93+1,A93) -> 27 | D94: =IF(C94<>"",VLOOKUP(C94,ChartofAccountsTable,2,FALSE),"")
A95: =IF(D95<>"",A94+1,A94) -> 27 | D95: =IF(C95<>"",VLOOKUP(C95,ChartofAccountsTable,2,FALSE),"")
A96: =IF(D96<>"",A95+1,A95) -> 27 | D96: =IF(C96<>"",VLOOKUP(C96,ChartofAccountsTable,2,FALSE),"")
A97: =IF(D97<>"",A96+1,A96) -> 27 | D97: =IF(C97<>"",VLOOKUP(C97,ChartofAccountsTable,2,FALSE),"")
A98: =IF(D98<>"",A97+1,A97) -> 27
A99: =IF(D99<>"",A98+1,A98) -> 28 | B99: t | D99: Total Cash Receipts | F99: =SUM(E84:E98) -> 3113.1
A100: =IF(D100<>"",A99+1,A99) -> 29 | B100: t | D100: Cash Paid
A101: =IF(D101<>"",A100+1,A100) -> 30 | C101: 2110 | D101: =IF(C101<>"",VLOOKUP(C101,ChartofAccountsTable,2,FALSE),"") -> A/P - Trade | E101: 826.85
A102: =IF(D102<>"",A101+1,A101) -> 31 | C102: 2130 | D102: =IF(C102<>"",VLOOKUP(C102,ChartofAccountsTable,2,FALSE),"") -> VAT - Input | E102: -248.35
A103: =IF(D103<>"",A102+1,A102) -> 31 | D103: =IF(C103<>"",VLOOKUP(C103,ChartofAccountsTable,2,FALSE),"")
A104: =IF(D104<>"",A103+1,A103) -> 31 | D104: =IF(C104<>"",VLOOKUP(C104,ChartofAccountsTable,2,FALSE),"")
...

Sheet CF Report - Indirect 1
D5: JOURNALSHEET.COM
D6: CASH FLOW STATEMENT
D7: ='Cash Flow - Indirect'!C5 -> For the Year Ended MM/DD/YYYY
B9: 1 | C9: =IFERROR(VLOOKUP(B9,'Cash Flow - Indirect'!$A$9:$F$120,2,FALSE),"") -> v | D9: =IFERROR(IF(C9<>"v",REPT(" ",4)&VLOOKUP(B9,'Cash Flow - Indirect'!$A$9:$F$120,4,FALSE),UPPER(VLOOKUP(B9,'Cash Flow - Indirect'!$A$9:$F$120,4,FALSE))),"") -> CASH FLOWS FROM OPERATING ACTIVITIES | E9: =IFERROR(IF(OR(C9=0,C9="pa",C9="p"),VLOOKUP(B9,'Cash Flow - Indirect'!$A$9:$F$120,5,FALSE),""),"") | F9: =IFERROR(IF(OR(C9="r",C9="t"),VLOOKUP(B9,'Cash Flow - Indirect'!$A$9:$F$120,6,FALSE),""),"")
B10: 2 | C10: =IFERROR(VLOOKUP(B10,'Cash Flow - Indirect'!$A$9:$F$120,2,FALSE),"") -> t | D10: =IFERROR(IF(C10<>"v",REPT(" ",4)&VLOOKUP(B10,'Cash Flow - Indirect'!$A$9:$F$120,4,FALSE),UPPER(VLOOKUP(B10,'Cash Flow - Indirect'!$A$9:$F$120,4,FALSE))),"") -> Net Income | E10: =IFERROR(IF(OR(C10=0,C10="pa",C10="p"),VLOOKUP(B10,'Cash Flow - Indirect'!$A$9:$F$120,5,FALSE),""),"") | F10: =IFERROR(IF(OR(C10="r",C10="t"),VLOOKUP(B10,'Cash Flow - Indirect'!$A$9:$F$120,6,FALSE),""),"") -> 2162.75
B11: 3 | C11: =IFERROR(VLOOKUP(B11,'Cash Flow - Indirect'!$A$9:$F$120,2,FALSE),"") -> t | D11: =IFERROR(IF(C11<>"v",REPT(" ",4)&VLOOKUP(B11,'Cash Flow - Indirect'!$A$9:$F$120,4,FALSE),UPPER(VLOOKUP(B11,'Cash Flow - Indirect'!$A$9:$F$120,4,FALSE))),"") -> Adjustment to Net Income | E11: =IFERROR(IF(OR(C11=0,C11="pa",C11="p"),VLOOKUP(B11,'Cash Flow - Indirect'!$A$9:$F$120,5,FALSE),""),"") | F11: =IFERROR(IF(OR(C11="r",C11="t"),VLOOKUP(B11,'Cash Flow - Indirect'!$A$9:$F$120,6,FALSE),""),"") -> 0
B12: 4 | C12: =IFERROR(VLOOKUP(B12,'Cash Flow - Indirect'!$A$9:$F$120,2,FALSE),"") -> 0 | D12: =IFERROR(IF(C12<>"v",REPT(" ",4)&VLOOKUP(B12,'Cash Flow - Indirect'!$A$9:$F$120,4,FALSE),UPPER(VLOOKUP(B12,'Cash Flow - Indirect'!$A$9:$F$120,4,FALSE))),"") -> ACCUM DEPR - Machinery and Equipment | E12: =IFERROR(IF(OR(C12=0,C12="pa",C12="p"),VLOOKUP(B12,'Cash Flow - Indirect'!$A$9:$F$120,5,FALSE),""),"") -> 6.25 | F12: =IFERROR(IF(OR(C12="r",C12="t"),VLOOKUP(B12,'Cash Flow - Indirect'!$A$9:$F$120,6,FALSE),""),"")
B13: 5 | C13: =IFERROR(VLOOKUP(B13,'Cash Flow - Indirect'!$A$9:$F$120,2,FALSE),"") -> 0 | D13: =IFERROR(IF(C13<>"v",REPT(" ",4)&VLOOKUP(B13,'Cash Flow - Indirect'!$A$9:$F$120,4,FALSE),UPPER(VLOOKUP(B13,'Cash Flow - Indirect'!$A$9:$F$120,4,FALSE))),"") -> ACCUM DEPR - Vehicles | E13: =IFERROR(IF(OR(C13=0,C13="pa",C13="p"),VLOOKUP(B13,'Cash Flow - Indirect'!$A$9:$F$120,5,FALSE),""),"") -> 50 | F13: =IFERROR(IF(OR(C13="r",C13="t"),VLOOKUP(B13,'Cash Flow - Indirect'!$A$9:$F$120,6,FALSE),""),"")
B14: 6 | C14: =IFERROR(VLOOKUP(B14,'Cash Flow - Indirect'!$A$9:$F$120,2,FALSE),"") -> t | D14: =IFERROR(IF(C14<>"v",REPT(" ",4)&VLOOKUP(B14,'Cash Flow - Indirect'!$A$9:$F$120,4,FALSE),UPPER(VLOOKUP(B14,'Cash Flow - Indirect'!$A$9:$F$120,4,FALSE))),"") -> Total Adjustment to Net Income | E14: =IFERROR(IF(OR(C14=0,C14="pa",C14="p"),VLOOKUP(B14,'Cash Flow - Indirect'!$A$9:$F$120,5,FALSE),""),"") | F14: =IFERROR(IF(OR(C14="r",C14="t"),VLOOKUP(B14,'Cash Flow - Indirect'!$A$9:$F$120,6,FALSE),""),"") -> 56.25
B15: 7 | C15: =IFERROR(VLOOKUP(B15,'Cash Flow - Indirect'!$A$9:$F$120,2,FALSE),"") -> t | D15: =IFERROR(IF(C15<>"v",REPT(" ",4)&VLOOKUP(B15,'Cash Flow - Indirect'!$A$9:$F$120,4,FALSE),UPPER(VLOOKUP(B15,'Cash Flow - Indirect'!$A$9:$F$120,4,FALSE))),"") -> Increase (Decrease) | E15: =IFERROR(IF(OR(C15=0,C15="pa",C15="p"),VLOOKUP(B15,'Cash Flow - Indirect'!$A$9:$F$120,5,FALSE),""),"") | F15: =IFERROR(IF(OR(C15="r",C15="t"),VLOOKUP(B15,'Cash Flow - Indirect'!$A$9:$F$120,6,FALSE),""),"") -> 0
B16: 8 | C16: =IFERROR(VLOOKUP(B16,'Cash Flow - Indirect'!$A$9:$F$120,2,FALSE),"") -> 0 | D16: =IFERROR(IF(C16<>"v",REPT(" ",4)&VLOOKUP(B16,'Cash Flow - Indirect'!$A$9:$F$120,4,FALSE),UPPER(VLOOKUP(B16,'Cash Flow - Indirect'!$A$9:$F$120,4,FALSE))),"") -> Account Receivables | E16: =IFERROR(IF(OR(C16=0,C16="pa",C16="p"),VLOOKUP(B16,'Cash Flow - Indirect'!$A$9:$F$120,5,FALSE),""),"") -> -3422.35 | F16: =IFERROR(IF(OR(C16="r",C16="t"),VLOOKUP(B16,'Cash Flow - Indirect'!$A$9:$F$120,6,FALSE),""),"")
B17: 9 | C17: =IFERROR(VLOOKUP(B17,'Cash Flow - Indirect'!$A$9:$F$120,2,FALSE),"") -> 0 | D17: =IFERROR(IF(C17<>"v",REPT(" ",4)&VLOOKUP(B17,'Cash Flow - Indirect'!$A$9:$F$120,4,FALSE),UPPER(VLOOKUP(B17,'Cash Flow - Indirect'!$A$9:$F$120,4,FALSE))),"") -> Product Inventory | E17: =IFERROR(IF(OR(C17=0,C17="pa",C17="p"),VLOOKUP(B17,'Cash Flow - Indirect'!$A$9:$F$120,5,FALSE),""),"") -> 615.9 | F17: =IFERROR(IF(OR(C17="r",C17="t"),VLOOKUP(B17,'Cash Flow - Indirect'!$A$9:$F$120,6,FALSE),""),"")
B18: 10 | C18: =IFERROR(VLOOKUP(B18,'Cash Flow - Indirect'!$A$9:$F$120,2,FALSE),"") -> 0 | D18: =IFERROR(IF(C18<>"v",REPT(" ",4)&VLOOKUP(B18,'Cash Flow - Indirect'!$A$9:$F$120,4,FALSE),UPPER(VLOOKUP(B18,'Cash Flow - Indirect'!$A$9:$F$120,4,FALSE))),"") -> Office Inventory | E18: =IFERROR(IF(OR(C18=0,C18="pa",C18="p"),VLOOKUP(B18,'Cash Flow - Indirect'!$A$9:$F$120,5,FALSE),""),"") -> 9 | F18: =IFERROR(IF(OR(C18="r",C18="t"),VLOOKUP(B18,'Cash Flow - Indirect'!$A$9:$F$120,6,FALSE),""),"")
B19: 11 | C19: =IFERROR(VLOOKUP(B19,'Cash Flow - Indirect'!$A$9:$F$120,2,FALSE),"") -> 0 | D19: =IFERROR(IF(C19<>"v",REPT(" ",4)&VLOOKUP(B19,'Cash Flow - Indirect'!$A$9:$F$120,4,FALSE),UPPER(VLOOKUP(B19,'Cash Flow - Indirect'!$A$9:$F$120,4,FALSE))),"") -> PREPAID - Insurance | E19: =IFERROR(IF(OR(C19=0,C19="pa",C19="p"),VLOOKUP(B19,'Cash Flow - Indirect'!$A$9:$F$120,5,FALSE),""),"") -> 25 | F19: =IFERROR(IF(OR(C19="r",C19="t"),VLOOKUP(B19,'Cash Flow - Indirect'!$A$9:$F$120,6,FALSE),""),"")
B20: 12 | C20: =IFERROR(VLOOKUP(B20,'Cash Flow - Indirect'!$A$9:$F$120,2,FALSE),"") -> 0 | D20: =IFERROR(IF(C20<>"v",REPT(" ",4)&VLOOKUP(B20,'Cash Flow - Indirect'!$A$9:$F$120,4,FALSE),UPPER(VLOOKUP(B20,'Cash Flow - Indirect'!$A$9:$F$120,4,FALSE))),"") -> PREPAID - Rent | E20: =IFERROR(IF(OR(C20=0,C20="pa",C20="p"),VLOOKUP(B20,'Cash Flow - Indirect'!$A$9:$F$120,5,FALSE),""),"") -> 50 | F20: =IFERROR(IF(OR(C20="r",C20="t"),VLOOKUP(B20,'Cash Flow - Indirect'!$A$9:$F$120,6,FALSE),""),"")
... B96: 88 | C96: =IFERROR(VLOOKUP(B96,'Cash Flow - Indirect'!$A$9:$F$120,2,FALSE),"") | D96: =IFERROR(IF(C96<>"v",REPT(" ",4)&VLOOKUP(B96,'Cash Flow - Indirect'!$A$9:$F$120,4,FALSE),UPPER(VLOOKUP(B96,'Cash Flow - Indirect'!$A$9:$F$120,4,FALSE))),"") | E96: =IFERROR(IF(OR(C96=0,C96="pa",C96="p"),VLOOKUP(B96,'Cash Flow - Indirect'!$A$9:$F$120,5,FALSE),""),"") | F96: =IFERROR(IF(OR(C96="r",C96="t"),VLOOKUP(B96,'Cash Flow - Indirect'!$A$9:$F$120,6,FALSE),""),"")

Sheet CF Report - Indirect 2
B5: JOURNALSHEET.COM
B6: CASH FLOW STATEMENT
B7: ='CF Report - Indirect 1'!D7 -> For the Year Ended MM/DD/YYYY
B9: CASH FLOWS FROM OPERATING ACTIVITIES
B10: Net Income | D10: 2162.75
B11: Adjustment to Net Income
B12: ACCUM DEPR - Machinery and Equipment | C12: 6.25
B13: ACCUM DEPR - Vehicles | C13: 50
B14: Total Adjustment to Net Income | D14: =SUM(C12:C13) -> 56.25
B15: Increase (Decrease)
B16: Account Receivables | C16: -3422.35
B17: Inventory | C17: 615.9
B18: Office Supplies | C18: 9
B19: PREPAID - Insurance | C19: 25
B20: PREPAID - Rent | C20: 50
B21: Total Increase (Decrease) | D21: =SUM(C16:C20) -> -2722.45
B22: NET CASH PROVIDED (USED) BY OPERATING ACTIVITIES | D22: =D10+D14+D21 -> -503.45
B24: CASH FLOWS FROM INVESTING ACTIVITIES
B25: Purchase of Assets
B26: PPE - Computer Equipment | C26: -400
B27: PPE - Vehicles | C27: 0
B28: Total Purchase of Assets | D28: -400
B29: NET CASH PROVIDED (USED) BY INVESTING ACTIVITIES | D29: =D28 -> -400
B31: CASH FLOWS FROM FINANCING ACTIVITIES
B32: Cash Receipts
B33: VAT - Output | C33: 613.1
B34: Bank XYZ | C34: 0
B35: Owner's Capital | C35: 2500
B36: Total Cash Receipts | D36: =SUM(C33:C35) -> 3113.1
B37: Cash Paid
B38: A/P - Trade | C38: 826.85
B39: VAT - Input | C39: -248.35
B40: Total Cash Paid For | D40: =SUM(C38:C39) -> 578.5
B41: NET CASH PROVIDED (USED) BY FINANCING ACTIVITIES | D41: =D36-D40 -> 2534.6
B43: Net Increase (Decrease) in Cash | D43: =D22+D29+D41 -> 1631.15
B44: Cash at Beginning of Period | D44: 2427.5
B45: Cash at End of Period | D45: =D44+D43 -> 4058.65

Sheet PRO Version
C3: LITE version | E3: PRO version
D4: Service Company | E4: Merchandise Company | F4: Manufacturing Company
B5: Price
B6: Price
B7: EXCEL version
B8: ▶ Product Page | D8: XL Service Company System | E8: XL Merchandise Company System | F8: XL Manufacturing Company System
B9: ▶ Single User | C9: ✘ | D9: USD 24.99 | E9: USD 29.99 | F9: USD 34.99
B10: ▶ Multi User | C10: ✔ | D10: USD 44.99 | E10: USD 49.99 | F10: USD 54.99
B11: GOOGLE SHEETS version
B12: ▶ Product Page | D12: GS Service Company System | E12: GS Merchandise Company System | F12: GS Manufacturing Company System
B13: ▶ Single User | C13: ✘ | D13: USD 29.99 | E13: USD 34.99 | F13: USD 39.99
B14: ▶ Multi User | C14: ✘ | D14: USD 49.99 | E14: USD 54.99 | F14: USD 59.99
B15: Modules
B16: Menu | C16: ✔ | D16: ✔ | E16: ✔ | F16: ✔
B17: Company Data | C17: ✔ | D17: ✔ | E17: ✔ | F17: ✔
C18: Start from 1st January only | D18: Start from any dates | E18: Start from any dates | F18: Start from any dates
B19: Chart Of Accounts | C19: ✔ | D19: ✔ | E19: ✔ | F19: ✔
C20: 100 lines | D20: 200 lines (expandable) | E20: 200 lines (expandable) | F20: 200 lines (expandable)
B21: Customer Data | C21: ✔ | D21: ✔ | E21: ✔ | F21: ✔
C22: 50 lines | D22: 200 lines (expandable) | E22: 200 lines (expandable) | F22: 200 lines (expandable)
B23: Supplier Data | C23: ✔ | D23: ✔ | E23: ✔ | F23: ✔
C24: 50 lines | D24: 200 lines (expandable) | E24: 200 lines (expandable) | F24: 200 lines (expandable)
B25: Inventory | C25: ✔ | D25: ✘ | E25: ✔ | F25: ✔
B26: Inventory | CoGS | C26: ✔ | D26: ✘ | E26: ✔ | F26: ✔
C27: fiscal year calculation only | E27: monthly/yearly calculation | F27: monthly/yearly calculation
B28: Inventory | Flow | C28: ✔ | D28: ✘ | E28: ✔ | F28: ✔
C29: 1000 lines | E29: 3500 lines (expandable) | F29: 3500 lines (expandable)
B30: Inventory | Raw Material | C30: ✘ | D30: ✘ | E30: ✘ | F30: ✔
F31: monthly/yearly calculation
B32: General Journal | C32: ✔ | D32: ✔ | E32: ✔ | F32: ✔
C33: 1000 lines | D33: 3500 lines (expandable) | E33: 3500 lines (expandable) | F33: 3500 lines (expandable)
B34: Cash Journal | C34: ✔ | D34: ✘ | E34: ✔ | F34: ✔
C35: 1000 lines | E35: 3500 lines (expandable) | F35: 3500 lines (expandable)
B36: Purchase Journal | C36: ✔ | D36: ✘ | E36: ✔ | F36: ✔
C37: 1000 lines | E37: 3500 lines (expandable) | F37: 3500 lines (expandable)
B38: Sales Journal | C38: ✔ | D38: ✘ | E38: ✔ | F38: ✔
C39: 1000 lines | E39: 3500 lines (expandable) | F39: 3500 lines (expandable)
B40: Adjusting Journal | C40: ✔ | D40: ✔ | E40: ✔ | F40: ✔
C41: 1000 lines | D41: 3500 lines (expandable) | E41: 3500 lines (expandable) | F41: 3500 lines (expandable)
B42: Closing Journal | C42: ✔ | D42: ✔ | E42: ✔ | F42: ✔
B43: General Ledger | C43: ✔ | D43: ✔ | E43: ✔ | F43: ✔
C44: 100 lines | D44: 500 lines (expandable) | E44: 500 lines (expandable) | F44: 500 lines (expandable)
B45: AR And AP Ledger | C45: ✔ | D45: ✔ | E45: ✔ | F45: ✔
C46: 100 lines | D46: 500 lines (expandable) | E46: 500 lines (expandable) | F46: 500 lines (expandable)
B47: Profit Loss | C47: ✔ | D47: ✔ | E47: ✔ | F47: ✔
B48: Format | C48: 35 lines | D48: 80 lines | E48: 80 lines | F48: 80 lines
B49: Fiscal Year Report | C49: ✔ | D49: ✔ | E49: ✔ | F49: ✔
B50: Monthly Report | C50: ✘ | D50: ✔ | E50: ✔ | F50: ✔
B51: Balance Sheet | C51: ✔ | D51: ✔ | E51: ✔ | F51: ✔
B52: Format | C52: 50 lines | D52: 100 lines | E52: 100 lines | F52: 100 lines
B53: Fiscal Year Report | C53: ✔ | D53: ✔ | E53: ✔ | F53: ✔
B54: Monthly Report | C54: ✘ | D54: ✔ | E54: ✔ | F54: ✔
B55: Cash Flow | C55: ✔ | D55: ✔ | E55: ✔ | F55: ✔
B56: Format | C56: 60 lines | D56: 120 lines | E56: 120 lines | F56: 120 lines
B57: Fiscal Year Report | C57: ✔ | D57: ✔ | E57: ✔ | F57: ✔
B58: Monthly Report | C58: ✘ | D58: ✔ | E58: ✔ | F58: ✔
... B68: Depreciation | C68: ✔ | D68: ✔ | E68: ✔ | F68: ✔
C69: 25 lines | D69: 250 lines (expandable) | E69: 250 lines (expandable) | F69: 250 lines (expandable)
B70: Petty Cash | C70: ✔ | D70: ✔ | E70: ✔ | F70: ✔
B71: Petty Cash Reconcile | C71: ✔ | D71: ✔ | E71: ✔ | F71: ✔
B72: Bank Reconcile | C72: ✔ | D72: ✔ | E72: ✔ | F72: ✔
B73: Salary | C73: ✔ | D73: ✔ | E73: ✔ | F73: ✔
B74: Commission | C74: ✔ | D74: ✔ | E74: ✔ | F74: ✔
